 Dungeon Crawl Stone Soup version 0.25-a0-277-g7046ed1b37 (webtiles) character file.

Game seed: 17654413895682251395, levelgen mode: deterministic

7 Jerej03 the Conjurer (level 1, -1/14 HPs)
             Began as a Draconian Conjurer on Dec 9, 2019.
             Slain by a leopard gecko (2 damage)
             ... on level 1 of the Dungeon.
             The game lasted 00:01:37 (136 turns).

Jerej03 the Conjurer (Draconian Conjurer)            Turns: 136, Time: 00:01:38

Health: -1/14      AC:  4    Str: 10    XL:     1   Next: 83%
Magic:  3/3        EV: 12    Int: 15    God:
Gold:   13         SH:  0    Dex: 11    Spells: 3/4 levels left

rFire    . . .     SeeInvis .   c - +0 dagger
rCold    . . .     Gourm    .   (no shield)
rNeg     . . .     Faith    .   (armour unavailable)
rPois    .         Spirit   .   (helmet restricted)
rElec    .         Reflect  .   (no cloak)
rCorr    .         Harm     .   (no gloves)
MR       .....                  (no boots)
Stlth    ++........             (no amulet)
HPRegen  0.04/turn              (no ring)
MPRegen  0.08/turn              (no ring)

@: no status effects
A: unfitting armour, cold-blooded, AC +4
a: no special abilities


You were on level 1 of the Dungeon.
You were not hungry.

You visited 1 branch of the dungeon, and saw 1 of its levels.

You collected 13 gold pieces.

Inventory:

Hand Weapons
 c - a +0 dagger (weapon)
Scrolls
 a - 3 scrolls of identify {unknown}
 d - a scroll of teleportation {unknown}
Comestibles
 b - a ration


   Skills:
 + Level 1.7 Dodging
 + Level 1.7 Stealth
 + Level 2.0 Spellcasting
 + Level 4.3 Conjurations


You had 3 spell levels left.
You knew the following spells:

 Your Spells              Type           Power        Failure   Level  Hunger
a - Magic Dart            Conj           ##..         3%          1    #......

Your spell library contained the following spells:

 Spells                   Type           Power        Failure   Level  Hunger
 Searing Ray              Conj           ##....       5%          2    ###....
 Dazzling Flash           Conj/Hex       #.....       26%         3    ###....
 Fulminant Prism          Conj/Hex       #.........   65%         4    #####..
 Iskenderun's Mystic Bla  Conj/Tloc      #.......     65%         4    #####..


Dungeon Overview and Level Annotations

Branches:
Dungeon (1/15)

Altars:


Innate Abilities, Weirdness & Mutations

Your plain brown scales are hard. (AC +4)
You cannot fit into any form of body armour.
You are cold-blooded and may be slowed by cold attacks.


Message History

A leopard gecko comes into view.
The leopard gecko hisses angrily.
A bat comes into view.
The bat moves out of view.
Found a scroll labeled KAS LUOTAY.
Found a leather armour.
The leopard gecko misses you.
You see here 15 gold pieces.
You completely miss the leopard gecko. The leopard gecko bites you.
* * * LOW HITPOINT WARNING * * *
You miss the leopard gecko.
Your tail-slap misses the leopard gecko.
The leopard gecko bites you.
* * * LOW HITPOINT WARNING * * *
The bat closely misses you. The leopard gecko barely misses you.
You miss the leopard gecko. The bat barely misses you.
The leopard gecko closely misses you.
You closely miss the leopard gecko. The bat hits you but does no damage.
The leopard gecko bites you.
You die...

## ## ## #. . #. .# .
###.# .##. #.#. .[....
#.. ... ...... ##.# ##.#
# ......# #..#####..# #
.......###....†...######
.............[.....[....
..?...l@.[####+###.#####
.....b..#..# ...+.#
..........## #####.###
........... #....'.#
...........# #+#####.#.#
...........# +.....'.#.#
........#..# #.....#+#.)
......#.##.+ #..><.# +..
#.....# #..


You could see a leopard gecko and a bat.

Vanquished Creatures
  A ball python (D:1)
  A goblin (D:1)
  A hobgoblin (D:1)
  3 bats (D:1)
6 creatures vanquished.

Notes
Turn   | Place    | Note
-------+----------+-------------------------------------------
     0 | D:1      | Jerej03 the Draconian Conjurer began the quest for the Orb.
     0 | D:1      | Reached XP level 1. HP: 14/14 MP: 3/3
   136 | D:1      | Slain by a leopard gecko

Levels and vault maps discovered:
D:1:      shiori_arrival_maze, layout_rooms, serial_curves, eino_curves_03,
          eino_curves_02, eino_curves_02, eino_curves_03, tso_altar

Action                   || total
-------------------------++-------
Melee: Unarmed           ||    12
       Dagger            ||     9
 Cast: Magic Dart        ||    10
Armor: Skin              ||    17
Dodge: Dodged            ||    41

Table legend:
 A = Non-vault XP
 B = Vault XP
 C = Vault XP percentage of total XP
 D = Non-vault monster count
 E = Vault monster count
 F = Vault count percentage of total count
                 A         B        C        D         E       F
            +---------+---------+-------+---------+---------+-------
      Total |      10 |       0 |   0.0 |       6 |       0 |   0.0
            +---------+---------+-------+---------+---------+-------
        D:1 |      10 |       0 |   0.0 |       6 |       0 |   0.0
            +---------+---------+-------+---------+---------+-------
